FSL
FORT MYERS PALMS @ LAKELAND PILOTS
04/21/1982
 
TOP OF THE 1ST
Fort Myers Palms batting - Pitching for Lakeland Pilots : RHP Larry Buckle
Pitching: RHP Larry Buckle
Batting: RHB Stanley Baker 0-0: Foul Ball, location: 2F
0-1: Ball
1-1: Ball
2-1: Ball
3-1: Called Strike
3-2: Foul Ball, location: 2F
3-2: Ground out 6-3 (Groundball, 6, EV 84.4 MPH)
Batting: RHB Johnny Evans 0-0: Ball
1-0: TRIPLE (Flyball, 78XD, EV 103.8 MPH)
Batting: LHB Gus Burgess 0-0: Ground out 6-3 (Groundball, 6, EV 85.6 MPH)
Johnny Evans scores
Batting: LHB James Atkinson 0-0: Ball
1-0: SINGLE (Line Drive, 4D, EV 93.8 MPH)
Batting: RHB Matt Sinatro 0-0: Ball
1-0: Ball
2-0: Ball
3-0: Called Strike
3-1: Base on Balls
James Atkinson to second
Batting: RHB Tim Brown 0-0: Ball
1-0: Fly out, F4 (Line Drive, 4, EV 71.9 MPH)
Top of the 1st over - 1 run, 2 hits, 0 errors, 2 left on base; Fort Myers 1 - Lakeland 0
BOTTOM OF THE 1ST
Lakeland Pilots batting - Pitching for Fort Myers Palms : LHP Rich Devincenzo
Pitching: LHP Rich Devincenzo
Batting: LHB Chris Stropolo 0-0: Ball
1-0: Ball
2-0: Called Strike
2-1: Swinging Strike
2-2: Foul Ball, location: 2F
2-2: Foul Ball, location: 2F
2-2: Strikes out swinging
Batting: RHB Dave C Anderson 0-0: Ball
1-0: Called Strike
1-1: Ball
2-1: Fly out, F4 (Flyball, 4MD, EV 85.6 MPH)
Batting: SHB Mike D Young 0-0: Ball
1-0: Fly out, F7 (Flyball, 7LM, EV 100.6 MPH)
Bottom of the 1st over - 0 runs, 0 hits, 0 errors, 0 left on base; Fort Myers 1 - Lakeland 0
TOP OF THE 2ND
Fort Myers Palms batting - Pitching for Lakeland Pilots : RHP Larry Buckle
Batting: RHB Jim Bishop 0-0: Ball
1-0: Called Strike
1-1: Ball
2-1: Ball
3-1: Called Strike
3-2: Reached on error, E2 (Groundball, 13S, EV 65.0 MPH)
Batting: RHB Jay Greb 0-0: Ball
1-0: Ball
2-0: Called Strike
2-1: SINGLE (Groundball, 6MD, EV 105.6 MPH)
Jim Bishop to second
Runner from 2nd tries for 3rd, SAFE, throw by CF made to third
Batting: SHB Porter Wyatt 0-0: Ball
1-0: Foul Ball, location: 2F
1-1: Ball
2-1: Foul Ball, location: 2F
2-2: Foul Ball, location: 2F
2-2: Ball
3-2: Foul Ball, location: 2F
3-2: Fly out, F7 (Flyball, 78M, EV 78.1 MPH)
Runner from 3rd tags up, SCORES, throw by LF
Batting: RHB Stanley Baker 0-0: Foul Ball, location: 2F
0-1: Ball
1-1: Ground out U3 (Groundball, 13, EV 81.3 MPH)
Jay Greb to second
Batting: RHB Johnny Evans 0-0: Swinging Strike
0-1: Ball
1-1: Ball
2-1: Ball
3-1: Fly out, F7 (Flyball, 7D, EV 86.3 MPH)
Top of the 2nd over - 1 run, 1 hit, 1 error, 1 left on base; Fort Myers 2 - Lakeland 0
BOTTOM OF THE 2ND
Lakeland Pilots batting - Pitching for Fort Myers Palms : LHP Rich Devincenzo
Batting: LHB Mike Laga 0-0: Ball
1-0: Fly out, F7 (Flyball, 7D, EV 103.1 MPH)
Batting: RHB John Guarino 0-0: Foul Ball, location: 2F
0-1: Ball
1-1: Called Strike
1-2: Foul Ball, location: 2F
1-2: Ball
2-2: Ball
3-2: Fly out, F8 (Line Drive, 8LM, EV 96.9 MPH)
Batting: SHB Raul Gonzalez 0-0: Called Strike
0-1: Ball
1-1: Swinging Strike
1-2: Foul Ball, location: 2F
1-2: Ball
2-2: Ball
3-2: Fly out, F7 (Flyball, 7, EV 80.6 MPH)
Bottom of the 2nd over - 0 runs, 0 hits, 0 errors, 0 left on base; Fort Myers 2 - Lakeland 0
TOP OF THE 3RD
Fort Myers Palms batting - Pitching for Lakeland Pilots : RHP Larry Buckle
Batting: LHB Gus Burgess 0-0: Ground out 5-3 (Groundball, 25, EV 93.8 MPH)
Batting: LHB James Atkinson 0-0: Ball
1-0: Called Strike
1-1: Ball
2-1: SINGLE (Groundball, 6S, EV 63.8 MPH) (infield hit)
Batting: RHB Matt Sinatro 0-0: Called Strike
0-1: Swinging Strike
0-2: Ball
1-2: Ball
2-2: Ball
3-2: Foul Ball, location: 2F
3-2: Foul Ball, location: 2F
3-2: Base on Balls
James Atkinson to second
Batting: RHB Tim Brown 0-0: Ball
James Atkinson steals 3rd base
1-0: Foul Ball, location: 2F
1-1: Foul Ball, location: 2F
1-2: Fly out, F8 (Flyball, 8RD, EV 92.5 MPH)
Runner from 3rd tags up, SCORES, throw by CF
Batting: RHB Jim Bishop 0-0: Fielders Choice at 2nd, 6-4 (Groundball, 6, EV 83.8 MPH)
Top of the 3rd over - 1 run, 1 hit, 0 errors, 1 left on base; Fort Myers 3 - Lakeland 0
BOTTOM OF THE 3RD
Lakeland Pilots batting - Pitching for Fort Myers Palms : LHP Rich Devincenzo
Batting: RHB Kevin McGann 0-0: Fly out, F4 (Popup, 4, EV 76.9 MPH)
Batting: SHB Alphonso Eiland 0-0: Foul Ball, location: 2F
0-1: Ball
1-1: Foul Ball, location: 2F
1-2: Foul Ball, location: 2F
1-2: Fly out, F5 (Flyball, 5D, EV 89.4 MPH)
Batting: RHB Dennis Delany 0-0: Ball
1-0: Ball
2-0: Ground out 5-3 (Groundball, 56, EV 79.4 MPH)
Bottom of the 3rd over - 0 runs, 0 hits, 0 errors, 0 left on base; Fort Myers 3 - Lakeland 0
TOP OF THE 4TH
Fort Myers Palms batting - Pitching for Lakeland Pilots : RHP Larry Buckle
Batting: RHB Jay Greb 0-0: Ball
1-0: Ball
2-0: Ball
3-0: Base on Balls
Batting: SHB Porter Wyatt 0-0: Foul Ball, location: 2F
0-1: Ball
1-1: Ball
2-1: Ball
3-1: Called Strike
3-2: SINGLE (Groundball, 6S, EV 66.9 MPH) (infield hit)
Jay Greb to second
Batting: RHB Stanley Baker 0-0: Fielders Choice at 2nd, 4-6 (Groundball, 4S, EV 81.9 MPH)
Jay Greb to third
Batting: RHB Johnny Evans 0-0: Ball
1-0: Called Strike
1-1: Ball
2-1: Called Strike
2-2: Foul Ball, location: 2F
2-2: Ball
3-2: Ground out 6-3 (Groundball, 6, EV 86.9 MPH)
Jay Greb scores
Stanley Baker to second
Batting: LHB Gus Burgess 0-0: SINGLE (Line Drive, 4D, EV 99.4 MPH)
Stanley Baker to third
Runner from 3rd tries for Home, SAFE, throw by CF to home
Batting: LHB James Atkinson 0-0: Swinging Strike
0-1: Fly out, F8 (Line Drive, 8RM, EV 87.5 MPH)
Top of the 4th over - 2 runs, 2 hits, 0 errors, 1 left on base; Fort Myers 5 - Lakeland 0
BOTTOM OF THE 4TH
Lakeland Pilots batting - Pitching for Fort Myers Palms : LHP Rich Devincenzo
Batting: LHB Chris Stropolo 0-0: Ball
1-0: Ball
2-0: Foul Ball, location: 2F
2-1: Fly out, F8 (Flyball, 8LM, EV 79.4 MPH)
Batting: RHB Dave C Anderson 0-0: Ground out 6-3 (Groundball, 6M, EV 107.5 MPH)
Batting: SHB Mike D Young 0-0: Ground out 4-3 (Groundball, 4, EV 85.0 MPH)
Bottom of the 4th over - 0 runs, 0 hits, 0 errors, 0 left on base; Fort Myers 5 - Lakeland 0
TOP OF THE 5TH
Fort Myers Palms batting - Pitching for Lakeland Pilots : RHP Larry Buckle
Batting: RHB Matt Sinatro 0-0: Called Strike
0-1: Swinging Strike
0-2: Fly out, F9 (Flyball, 89D, EV 76.9 MPH)
Batting: RHB Tim Brown 0-0: Ground out 5-3 (Groundball, 56S, EV 67.5 MPH)
Batting: RHB Jim Bishop 0-0: Ball
1-0: Ball
2-0: Called Strike
2-1: Called Strike
2-2: Ball
3-2: Foul Ball, location: 2F
3-2: Strikes out swinging
Top of the 5th over - 0 runs, 0 hits, 0 errors, 0 left on base; Fort Myers 5 - Lakeland 0
BOTTOM OF THE 5TH
Lakeland Pilots batting - Pitching for Fort Myers Palms : LHP Rich Devincenzo
Batting: LHB Mike Laga 0-0: Ball
1-0: Ball
2-0: Foul Ball, location: 2F
2-1: Fly out, F9 (Flyball, 89D, EV 99.4 MPH)
Batting: RHB John Guarino 0-0: Ball
1-0: Called Strike
1-1: Ball
2-1: Called Strike
2-2: Ground out 5-3 (Groundball, 5S, EV 83.8 MPH)
Batting: SHB Raul Gonzalez 0-0: Called Strike
0-1: Ball
1-1: Ground out 6-3 (Groundball, 6, EV 104.4 MPH)
Bottom of the 5th over - 0 runs, 0 hits, 0 errors, 0 left on base; Fort Myers 5 - Lakeland 0
TOP OF THE 6TH
Fort Myers Palms batting - Pitching for Lakeland Pilots : RHP Larry Buckle
Batting: RHB Jay Greb 0-0: Ball
1-0: Foul Ball, location: 2F
1-1: Ball
2-1: Ground out U3 (Groundball, 34S, EV 86.9 MPH)
Batting: SHB Porter Wyatt 0-0: Called Strike
0-1: Ball
1-1: Swinging Strike
1-2: Strikes out swinging
Batting: RHB Stanley Baker 0-0: Swinging Strike
0-1: Ball
1-1: Swinging Strike
1-2: Ball
2-2: Strikes out swinging
Top of the 6th over - 0 runs, 0 hits, 0 errors, 0 left on base; Fort Myers 5 - Lakeland 0
BOTTOM OF THE 6TH
Lakeland Pilots batting - Pitching for Fort Myers Palms : LHP Rich Devincenzo
Batting: RHB Kevin McGann 0-0: Ball
1-0: Ball
2-0: Called Strike
2-1: Ball
3-1: Ground out 5-3 (Groundball, 56, EV 85.6 MPH)
Batting: SHB Alphonso Eiland 0-0: Ball
1-0: Called Strike
1-1: Swinging Strike
1-2: Strikes out swinging
Batting: RHB Dennis Delany 0-0: Swinging Strike
0-1: Swinging Strike
0-2: Foul Ball, location: 2F
0-2: Strikes out looking
Bottom of the 6th over - 0 runs, 0 hits, 0 errors, 0 left on base; Fort Myers 5 - Lakeland 0
TOP OF THE 7TH
Fort Myers Palms batting - Pitching for Lakeland Pilots : RHP Larry Buckle
Pitching: RHP Scott Patterson
Batting: RHB Johnny Evans 0-0: Foul Ball, location: 2F
0-1: Ball
1-1: Ball
2-1: Foul Ball, location: 2F
2-2: Strikes out swinging
Batting: LHB Gus Burgess 0-0: Foul Ball, location: 2F
0-1: Fly out, F6 (Line Drive, 6, EV 65.0 MPH)
Batting: LHB James Atkinson 0-0: Ball
1-0: Foul Ball, location: 2F
1-1: Foul Ball, location: 2F
1-2: Strikes out swinging
Top of the 7th over - 0 runs, 0 hits, 0 errors, 0 left on base; Fort Myers 5 - Lakeland 0
BOTTOM OF THE 7TH
Lakeland Pilots batting - Pitching for Fort Myers Palms : LHP Rich Devincenzo
Batting: LHB Chris Stropolo 0-0: Called Strike
0-1: Foul Ball, location: 2F
0-2: Ball
1-2: Strikes out swinging
Batting: RHB Dave C Anderson 0-0: Called Strike
0-1: Foul Ball, location: 2F
0-2: Fly out, F8 (Flyball, 8RS, EV 90.0 MPH)
Batting: SHB Mike D Young 0-0: Ball
1-0: Foul Ball, location: 2F
1-1: SINGLE (Groundball, 6MD, EV 95.0 MPH)
Batting: LHB Mike Laga 0-0: Ball
1-0: Ground out 4-3 (Groundball, 4D, EV 90.6 MPH)
Bottom of the 7th over - 0 runs, 1 hit, 0 errors, 1 left on base; Fort Myers 5 - Lakeland 0
TOP OF THE 8TH
Fort Myers Palms batting - Pitching for Lakeland Pilots : RHP Scott Patterson
Batting: RHB Matt Sinatro 0-0: Ball
1-0: Reached on error, E6 (Groundball, 6, EV 100.6 MPH)
Batting: RHB Tim Brown 0-0: Ball
1-0: Swinging Strike
1-1: Swinging Strike
1-2: Ball
2-2: Foul Ball, location: 2F
2-2: Strikes out looking
Batting: RHB Jim Bishop 0-0: Ball
1-0: Swinging Strike
1-1: Called Strike
Matt Sinatro steals 2nd, throwing error, E2
Matt Sinatro to third
1-2: Ball
2-2: Ball
Wild Pitch!
Matt Sinatro scores
3-2: Fly out, F9 (Flyball, 9LS, EV 80.6 MPH)
Batting: RHB Jay Greb 0-0: Ground out 1-3 (Groundball, 15S, EV 66.3 MPH)
Top of the 8th over - 1 run, 0 hits, 2 errors, 0 left on base; Fort Myers 6 - Lakeland 0
BOTTOM OF THE 8TH
Lakeland Pilots batting - Pitching for Fort Myers Palms : LHP Rich Devincenzo
Batting: RHB John Guarino 0-0: Foul Ball, location: 2F
0-1: Ball
1-1: Ball
2-1: Ball
3-1: Fly out, F8 (Flyball, 78M, EV 73.8 MPH)
Batting: SHB Raul Gonzalez 0-0: DOUBLE (Line Drive, 3D, EV 96.9 MPH)
Batting: RHB Kevin McGann 0-0: Ball
1-0: Ball
2-0: Called Strike
2-1: Ball
3-1: Foul Ball, location: 2F
3-2: Ground out 5-3 (Groundball, 56S, EV 88.8 MPH)
Batting: SHB Alphonso Eiland 0-0: Ball
1-0: Called Strike
1-1: SINGLE (Groundball, P, EV 88.8 MPH) (infield hit)
Raul Gonzalez to third
Batting: RHB Dennis Delany 0-0: Ball
1-0: Ball
2-0: Ball
3-0: Called Strike
3-1: Foul Ball, location: 2F
3-2: Foul Ball, location: 2F
3-2: Foul Ball, location: 2F
3-2: SINGLE (Flyball, 78S, EV 98.1 MPH)
Raul Gonzalez scores
Alphonso Eiland to second
Alphonso Eiland to third
Batting: LHB Chris Stropolo 0-0: Ball
1-0: Foul Ball, location: 2F
1-1: Swinging Strike
1-2: Ball
2-2: SINGLE (Flyball, 56D, EV 87.5 MPH)
Alphonso Eiland scores
Dennis Delany to second
Batting: RHB Dave C Anderson 0-0: Called Strike
0-1: Ball
1-1: Called Strike
1-2: Foul Ball, location: 2F
1-2: Foul Ball, location: 2F
1-2: Strikes out swinging
Bottom of the 8th over - 2 runs, 4 hits, 0 errors, 2 left on base; Fort Myers 6 - Lakeland 2
TOP OF THE 9TH
Fort Myers Palms batting - Pitching for Lakeland Pilots : RHP Scott Patterson
Batting: SHB Porter Wyatt 0-0: Foul Ball, location: 2F
0-1: Reached on error, E4 (Groundball, 34, EV 102.5 MPH)
Batting: RHB Stanley Baker 0-0: Ball
1-0: Bunted foul
1-1: Bunt missed!
1-2: Foul Ball, location: 2F
1-2: Fielders Choice at 2nd, 5-4 (Groundball, 5, EV 85.0 MPH)
Batting: RHB Johnny Evans 0-0: Ball
1-0: Foul Ball, location: 2F
1-1: Foul Ball, location: 2F
1-2: Foul Ball, location: 2F
1-2: Strikes out swinging
Batting: LHB Gus Burgess 0-0: Ball
1-0: Ball
Stanley Baker steals 2nd base
2-0: Called Strike
2-1: DOUBLE (Line Drive, 7LM, EV 106.9 MPH)
Stanley Baker scores
Pitching: RHP Don Cooper
Batting: LHB James Atkinson 0-0: Ball
1-0: Ball
2-0: Called Strike
2-1: Fly out, F9 (Flyball, 89M, EV 75.6 MPH)
Top of the 9th over - 1 run, 1 hit, 1 error, 1 left on base; Fort Myers 7 - Lakeland 2
BOTTOM OF THE 9TH
Lakeland Pilots batting - Pitching for Fort Myers Palms : LHP Rich Devincenzo
Batting: SHB Mike D Young 0-0: Ground out 3-1 (Groundball, 34, EV 85.6 MPH)
Batting: LHB Mike Laga 0-0: Called Strike
0-1: Foul Ball, location: 2F
0-2: SINGLE (Groundball, P, EV 83.8 MPH) (infield hit)
Batting: RHB John Guarino 0-0: Fly out, F6 (Flyball, 56D, EV 90.0 MPH)
Batting: SHB Raul Gonzalez 0-0: Foul Ball, location: 2F
0-1: Ball
1-1: Ball
2-1: Ground out 1-3 (Groundball, 15S, EV 73.1 MPH)
Bottom of the 9th over - 0 runs, 1 hit, 0 errors, 1 left on base; Fort Myers 7 - Lakeland 2
Wednesday, July 22nd, 2020 - OOTP Baseball 21.4 Build 63